 Dungeon Crawl Stone Soup version 0.24.0-13-gcf9b319 (webtiles) character file.

Game seed: 7480646990952270748, levelgen mode: deterministic

61 Bronimir the Conjurer (level 4, -10/24 HPs)
             Began as a Tengu Conjurer on Mar 28, 2020.
             Killed from afar by Ijyb (14 damage)
             ... with an iceblast
             ... on level 3 of the Dungeon.
             The game lasted 00:04:00 (1883 turns).

Bronimir the Conjurer (Tengu Conjurer)              Turns: 1883, Time: 00:04:01

Health: -10/24     AC:  3    Str:  8    XL:     4   Next: 7%
Magic:  0/8        EV: 13    Int: 16    God:
Gold:   66         SH:  0    Dex: 15    Spells: 4/7 levels left

rFire    . . .     SeeInvis .   a - +2 spear (pierce)
rCold    . . .     Gourm    .   (no shield)
rNeg     . . .     Faith    .   l - +0 robe
rPois    .         Spirit   .   (helmet restricted)
rElec    .         Reflect  .   (no cloak)
rCorr    .         Harm     .   r - +0 pair of gloves
MR       .....                  (boots unavailable)
Stlth    ++........             (no amulet)
HPRegen  0.08/turn              (no ring)
MPRegen  0.11/turn              (no ring)

@: no status effects
A: beak, talons 3
a: no special abilities


You were on level 3 of the Dungeon.
You were hungry.

You visited 1 branch of the dungeon, and saw 3 of its levels.

You collected 66 gold pieces.

Inventory:

Hand Weapons
 a - a +2 spear of piercing (weapon)
 b - a +0 hunting sling
 d - a +0 club
 s - a +0 spear
Missiles
 g - 82 stones
 i - 29 poisoned darts (quivered)
Armour
 l - a +0 robe (worn)
 r - a +0 pair of gloves (worn)
Scrolls
 e - 4 scrolls of remove curse {unknown}
 f - a scroll of random uselessness {unknown}
 h - 3 scrolls of identify {unknown}
 j - 4 scrolls of enchant weapon {unknown}
 m - a scroll of noise {unknown}
 n - 2 scrolls of fear {unknown}
 o - a scroll of fog {unknown}
 x - a scroll of teleportation {unknown}
Potions
 k - a potion of agility {unknown}
 p - a potion of brilliance {unknown}
 q - 3 potions of magic {unknown}
 t - a potion of cancellation {unknown}
 u - 2 potions of berserk rage {unknown}
 v - 2 potions of heal wounds {unknown}
Comestibles
 c - 5 rations
 w - 2 chunks of flesh


   Skills:
 + Level 0.1 Maces & Flails
 + Level 0.6 Polearms
 + Level 2.5 Dodging
 - Level 2.1 Stealth
 * Level 2.2 Spellcasting
 * Level 6.6 Conjurations


You had 4 spell levels left.
You knew the following spells:

 Your Spells              Type           Power        Failure   Level  Hunger
a - Magic Dart            Conj           ###.         1%          1    #......
b - Searing Ray           Conj           ###...       1%          2    ###....

Your spell library contained the following spells:

 Spells                   Type           Power        Failure   Level  Hunger
 Iskenderun's Mystic Bla  Conj           ###.....     13%         4    #####..
 Dazzling Spray           Conj/Hex       ##....       16%         3    ###....
 Force Lance              Conj/Tloc      ##......     45%         4    #####..
 Fulminant Prism          Conj/Hex       ##........   45%         4    #####..


Dungeon Overview and Level Annotations

Branches:
Dungeon (3/15)

Altars:
Okawaru
Sif Muna

Annotations:
D:3 Ijyb


Innate Abilities, Weirdness & Mutations

You have a beak for a mouth.
You have claws for feet.


Message History

Aiming: Magic Dart (safe; 1% risk of failure)
Press: ? - help, Shift-Dir - straight line, f/p - Ijyb
Aim: Ijyb, wearing a +0 scale mail and carrying a wand of iceblast (6) (moderately wounded)
The magic dart hits Ijyb.
Ijyb is moderately wounded.
Casting: Magic Dart (safe; 1% risk of failure)
Confirm with . or Enter, or press ? or * to list all spells.
Aiming: Searing Ray (safe; 1% risk of failure)
Press: ? - help, Shift-Dir - straight line, f/p - Ijyb
Aim: Ijyb, wearing a +0 scale mail and carrying a wand of iceblast (6) (moderately wounded)
The searing ray hits Ijyb.
Ijyb is heavily wounded. (Press . to maintain the ray.) Ijyb zaps a wand.
The mass of ice explodes!
The iceblast engulfs you!
Ouch! That really hurt!
* * * LOW HITPOINT WARNING * * *
Without enough magic to sustain it, your searing ray dissipates.
Ijyb zaps a wand.
The mass of ice explodes!
The iceblast engulfs you!
Ouch! That really hurt!
You die...

....... ......
# #....# ##.
....# ....
...## .....
...# .♣
#....#..#..♣
#.....@.g#
#...........♣
..............♣
...............
#..####......##
## #.#....#
#.#....#
#+#....#


You could see Ijyb.

Vanquished Creatures
  2 adders (D:2)
  An ooze (D:1)
  A worm (D:2)
  2 dart slugs
  A ball python (D:2)
  A giant cockroach (D:1)
  A hobgoblin (D:2)
  3 jackals (D:2)
  6 kobolds
  A quokka (D:2)
  4 bats
  2 frilled lizards (D:2)
  5 goblins
  2 rats (D:2)
32 creatures vanquished.

Notes
Turn   | Place    | Note
-------+----------+-------------------------------------------
     0 | D:1      | Bronimir the Tengu Conjurer began the quest for the Orb.
     0 | D:1      | Reached XP level 1. HP: 10/10 MP: 4/4
   340 | D:1      | Reached XP level 2. HP: 7/15 MP: 1/6
   515 | D:1      | Learned a level 2 spell: Searing Ray
   640 | D:1      | Found an iron altar of Okawaru.
   827 | D:2      | Reached skill level 6 in Conjurations
   827 | D:2      | Reached XP level 3. HP: 14/19 MP: 7/7
  1490 | D:2      | Reached XP level 4. HP: 24/24 MP: 5/8
  1522 | D:2      | Found a shimmering blue altar of Sif Muna.
  1875 | D:3      | Noticed Ijyb
  1883 | D:3      | Killed from afar by Ijyb

Levels and vault maps discovered:
D:1:      lightli_arrival_flooded_house, layout_rooms,
          chequers_serial_rivers_micro_e, okawaru_ov_weapons_minmay
D:2:      layout_loops_ring, marbit_many_paths, first_ration
D:3:      layout_basic, ashenzari_conservatory_becter,
          minmay_overflow_temple_star_quad, chequers_ecumenical_altar_grove,
          grunt_ministairs_15, chequers_serial_rivers_small_a, uniq_ijyb

Skill      XL: |  1  2 |
---------------+-------+-----
Conjurations   | 6 |  6.6
Maces & Flails | |  0.1
Polearms       | |  0.6
Dodging        | |  2.5
Stealth        | |  2.1
Spellcasting   | |  2.2

Action                   |  1- 3 |  4- 6 || total
-------------------------+-------+-------++-------
Melee: Spear             |    32 |     3 ||    35
       Club              |     4 |       ||     4
       Unarmed           |     4 |       ||     4
       Kick              |     3 |       ||     3
       Peck              |     2 |     1 ||     3
Throw: Dart              |     2 |       ||     2
 Cast: Magic Dart        |    21 |     9 ||    30
       Searing Ray       |     2 |     2 ||     4
 Stab: Sleeping          |     5 |       ||     5
  Eat: Chunk             |     2 |     1 ||     3
Armor: Robe              |     9 |     2 ||    11
Dodge: Dodged            |    32 |     1 ||    33
